 Dungeon Crawl Stone Soup version 0.30-a0-702-gdf48620a09 (webtiles) character file.

Game seed: 5662928327362619829

19114 OTABOTABOTAB the Slicer (level 12, -11/65 HPs)
             Began as a Vine Stalker Fighter on Jan 21, 2023.
             Was the Champion of Uskayaw.
             Mangled by a death yak (14 damage)
             ... on level 2 of the Lair of Beasts.
             The game lasted 00:25:27 (10344 turns).

OTABOTABOTAB the Slicer (Vine Stalker Fighter)     Turns: 10344, Time: 00:25:27

Health: -11/65     AC: 44    Str: 23    XL:     12   Next: 65%
Magic:  0/18       EV: 11    Int:  8    God:    Uskayaw [******]
Gold:   578        SH:  6    Dex: 15    Spells: 11/11 levels left

rFire   . . .      SeeInvis +    a - +1 rapier (protect)
rCold   . . .      Faith    +    y - +0 buckler {AC+3}
rNeg    . . .      Spirit   +    x - +15 Maxwell's patent armour {-Cast -Tele rElec Will+ rCorr}
rPois   .          Reflect  .    G - +0 helmet
rElec   +          Harm     .    o - +0 cloak
rCorr   +          Rampage  .    f - +2 pair of gloves
Will    ++...      NoTele   +    (no boots) Stlth NoCast +
                                 h - amulet of faith
HPRegen 1.10/turn                V - ring of see invisible {sInv, !d}
MPRegen 0.16/turn                g - +5 ring of evasion

@: mighty, under a protective aura
A: fangs 3, regeneration 1, magic shield, antimagic bite, no potion heal 2
a: Renounce Religion, Stomp, Line Pass, Grand Finale


You were on level 2 of the Lair of Beasts.
You worshipped Uskayaw.
Uskayaw was noncommittal.
You visited 3 branches of the dungeon, and saw 14 of its levels.
You also visited: Gauntlet.

You collected 806 gold pieces.
You spent 228 gold pieces at shops.

Inventory:

Hand Weapons
 a - a +1 rapier of protection (weapon)
 s - a +2 rapier of holy wrath
   (You took it off a minotaur in a Gauntlet)
 v - a +2 shortbow of flaming
   (You took it off a minotaur in a Gauntlet)
Missiles
 w - 8 silver javelins
Armour
 f - a +2 pair of gloves (worn)
   (You found it on level 7 of the Dungeon)
 l - an orb of light
   (You found it on level 1 of the Lair of Beasts)
 o - a +0 cloak (worn)
   (You found it on level 2 of the Dungeon)
 r - the +2 pair of gloves of Fun and Games {Harm Str+3}
   (You found it in a Gauntlet)

   Str:       It affects your strength (+3).
   Harm:      It increases damage dealt and taken.
 x - the +15 Maxwell's patent armour (worn) {-Cast -Tele rElec Will+ rCorr}
   (You took it off a minotaur in a Gauntlet)

   rElec:     It insulates you from electricity.
   -Cast:     It prevents spellcasting.
   -Tele:     It prevents most forms of teleportation.
   rCorr:     It protects you from acid and corrosion.
   Will:      It increases your willpower.
 y - a +0 buckler of protection (worn)
   (You found it in a Gauntlet)
 B - a +0 plate armour
   (You found it on level 1 of the Dungeon)
 G - a +0 helmet (worn)
   (You found it on level 4 of the Dungeon)
Magical Staves
 n - a staff of poison {rPois}
   (You found it in a Gauntlet)
Jewellery
 g - a +5 ring of evasion (right hand)
   (You found it on level 5 of the Dungeon)
 h - an amulet of faith (around neck)
   (You found it on level 7 of the Dungeon)
 A - a +4 ring of protection
   (You took it off a minotaur in a Gauntlet)
 C - a ring of protection from cold {rC+, !d}
   (You found it on level 1 of the Dungeon)
 F - a ring of protection from fire {rF+, !d}
   (You found it on level 6 of the Dungeon)
 V - a ring of see invisible (left hand) {sInv, !d}
   (You found it in a Gauntlet)
Wands
 d - a wand of digging (3)
   (You found it on level 4 of the Dungeon)
 j - a wand of polymorph (11)
   (You took it off an orc on level 6 of the Dungeon)
 p - a wand of paralysis (4)
   (You found it in a Gauntlet)
 q - a wand of flame (11)
   (You found it in a Gauntlet)
Scrolls
 b - 2 scrolls of enchant weapon
 c - a scroll of enchant armour
 e - 3 scrolls of identify {@r1}
 t - a scroll of fog
 D - 3 scrolls of blinking {!r}
 E - a scroll of fear
 S - a scroll of summoning
 X - a scroll of magic mapping {@r4!r}
 Y - 7 scrolls of teleportation {@r3}
Potions
 i - a potion of cancellation
 k - a potion of attraction {!q}
 u - 3 potions of magic
 J - 6 potions of curing {@q1}
 L - 2 potions of flight
 M - 2 potions of might
 N - 4 potions of heal wounds {@q2}
 P - 3 potions of lignification {!q}
 R - 3 potions of resistance
 T - a potion of berserk rage {!q}
 U - 2 potions of mutation {!q}
Miscellaneous
 m - a phantom mirror
   (You found it in a Gauntlet)
 z - a box of beasts
   (You found it on level 11 of the Dungeon)
 H - a piece from Xom's chessboard (15/15)
   (You found it in a Gauntlet)


   Skills:
 + Level 8.4 Fighting
 * Level 11.4 Short Blades
 + Level 7.6 Armour
 + Level 8.6 Shields
 + Level 7.2 Invocations


You had 11 spell levels left.
You didn't know any spells.
Your spell library contained the following spells:

 Spells                   Type           Power      Damage    Failure   Level
 Magic Dart               Conj           0%         1d3       100%        1
 Blink                    Tloc           0%         N/A       100%        2
 Call Imp                 Summ           0%         N/A       100%        2
 Lesser Beckoning         Tloc           0%         N/A       100%        2
 Momentum Strike          Conj/Tloc      0%         3d8       100%        2
 Ignite Poison            Fire/Tmut/Pois 0%         N/A       100%        3
 Inner Flame              Hex/Fire       0%         N/A       100%        3
 Kindle Blastsparks       Fire/Tloc/Air  0%         2d10      100%        3
 Mephitic Cloud           Conj/Pois/Air  0%         N/A       100%        3
 Flame Wave               Conj/Fire      0%         2d4       100%        4
 Sticky Flame             Conj/Fire      0%         2d3       100%        4
 Summon Ice Beast         Ice/Summ       0%         N/A       100%        4
 Summon Lightning Spire   Summ/Air       0%         N/A       100%        4
 Freezing Cloud           Conj/Ice/Air   0%         6-21      100%        5
 Summon Mana Viper        Hex/Summ       0%         N/A       100%        5
 Monstrous Menagerie      Summ           0%         N/A       100%        7
 Storm Form               Tmut/Air       0%         N/A       100%        7
 Maxwell's Capacitive Co  Air            0%         ∞         100%        8


Dungeon Overview and Level Annotations

Branches:
Dungeon (11/15)            Temple (1/1) D:6            Lair (2/5) D:11
Gauntlet (visited)
  Swamp: Lair:2-3    Shoals: Lair:2-3     Snake: Lair:2-3    Spider: Lair:2-3
    Orc: D:9-12

Altars:
Ashenzari
Cheibriados
Elyvilon
Hepliaklqana
Kikubaaqudgha
Qazlal
Ru
Sif Muna
Trog
Uskayaw
Vehumet
Wu Jian
Zin

Shops:
D:4 (   D:5 :   D:6 (   D:10 *

Annotations:
Lair:2 themarg's ghost, journeyman BaSu


Innate Abilities, Weirdness & Mutations

You have razor-sharp teeth.
Your natural rate of healing is unusually fast.
When hurt, damage is shared between your health and your magic reserves.
Your bite disrupts and absorbs the magic of your enemies.
Potions cannot restore your health.


Message History

* * * LOW HITPOINT WARNING * * *
The wolf bites you but does no damage.
The polar bear bites you but does no damage.
You block the polar bear's attack. The polar bear barely misses you.
You take 1 damage, and have 17/65 hp.
You now have 12/18 mp.
You hit the polar bear. The wolf barely misses you.
You block the wolf's attack.
The wolf bites you but does no damage. x2
You closely miss the polar bear. The wolf closely misses you.
The wolf bites you but does no damage. The death yak barely misses you.
The polar bear barely misses you. You block the polar bear's attack.
The polar bear closely misses you. The wolf barely misses you.
The wolf bites you but does no damage. The wolf closely misses you.
You barely miss the polar bear. You bite the polar bear. You drain its power.
You feel invigorated. You block the wolf's attack.
The wolf bites you but does no damage. You block the wolf's attack.
The polar bear misses you.
The polar bear claws you but does no damage. x2
You block the death yak's attack.
You regained 3 mp, and now have 15/18 mp.
You puncture the polar bear! You bite the polar bear. You drain its power.
You feel invigorated.
The komodo dragon hisses menacingly.
The wolf bites you but does no damage. x2; The wolf closely misses you.
MP restored: 18 You hit the polar bear.
Your bite misses the polar bear. The polar bear bites you.
* * * LOW HITPOINT WARNING * * *
The polar bear claws you but does no damage.
You block the polar bear's attack. The death yak gores you.
* * * LOW HITPOINT WARNING * * *
The wolf barely misses you. The wolf bites you but does no damage.
You block the wolf's attack.
You take 2 damage, and have 18/65 hp.
You now have 16/18 mp.
You barely miss the polar bear.
The wolf pauses to sniff the ground.
The wolf misses you. The wolf bites you but does no damage.
The wolf barely misses you.
You hit the polar bear. You bite the polar bear! You drain its power.
You feel invigorated.
The wolf pauses to sniff the ground.
The death yak gores you but does no damage.
The polar bear goes berserk!
The wolf closely misses you. The wolf misses you.
The wolf bites you but does no damage.
The wolf pauses to sniff the ground.
MP restored: 18 You hit the polar bear.
You bite the polar bear, but do no damage.
The polar bear closely misses you. You block the polar bear's attack.
The polar bear closely misses you.
The wolf pauses to sniff the ground.
The wolf bites you but does no damage. The wolf completely misses you.
The wolf bites you but does no damage. The death yak misses you.
You hit the polar bear. You bite the polar bear.
You kill the polar bear!
The wolf pauses to sniff the ground.
The wolf bites you but does no damage. You block the wolf's attack.
The wolf bites you but does no damage.
You puncture the death yak! You block the wolf's attack.
The wolf bites you but does no damage.
The death yak gores you but does no damage.
The wolf bites you but does no damage.
You hit the death yak but do no damage. The wolf barely misses you.
The wolf bites you but does no damage. The wolf barely misses you.
The death yak gores you but does no damage.
The elephant closely misses you. The elephant barely misses you.
You hit the death yak.
The wolf bites you but does no damage. x3
The wolf stops to sniff the ground.
You puncture the death yak!
The sentinel's mark upon you fades away.
The wolf barely misses you. x2; You block the wolf's attack.
The death yak gores you!
* * * LOW HITPOINT WARNING * * *
The elephant tramples you!
* * * LOW HITPOINT WARNING * * *
You hold your ground!
The elephant trunk-slaps you but does no damage.
You take 12 damage, and have 10/65 hp.
You now have 9/18 mp.
Unknown command.
Aim: an elephant
Okay, then.
Unknown command.
You stomp with the beat, sending a shockwave through the revellers around you!
The wolf closely misses you. You block the wolf's attack. x2
The wolf bites you but does no damage. The wolf closely misses you.
The elephant closely misses you. x2; The death yak gores you!
* * * LOW HITPOINT WARNING * * *
The wolf closely misses you.
You take 9 damage, and have 1/65 hp.
You now have 0/18 mp.
Okay, then.
Okay, then.
You hit the elephant. You bite the elephant. You drain its power.
You feel invigorated. The wolf misses you.
The wolf bites you but does no damage. You block the wolf's attack.
You regained 2 mp, and now have 2/18 mp.
Okay, then.
You hit the elephant.
You bite the elephant, but do no damage.
The wolf misses you. The death yak gores you!
You die...

.........####
######....#..### ...#
#FW#.........# #....
!(h##........## #...#
.H.# #........# #...#
## .#.
#........####h..###.#.
#........YYlSSh.......
#........YhhYhhh.....
#.....##.##@#h...#
#.....###†Y#hhhh#
............##hhh##
..............hhhl#
#....#.....hhhh.#
.......#.##hh.##
....#....##h?..#
..........lh>.....
^..........♣....♣..


You could see a death yak, 4 elephants, a komodo dragon, a basilisk, 2 water
moccasins and 20 wolves.

Vanquished Creatures
  A minotaur (Gauntlet)
  Harold (D:10)
  2 two-headed ogres (D:10)
  2 boulder beetles (Lair:1)
  Amaemon (D:9)
  2 harpies (Lair:2)
  A manticore (D:11)
  2 black mambas (Lair:2)
  Joseph (D:8)
  An unseen horror (D:11)
  An orange demon (D:10)
  3 komodo dragons
  2 rime drakes
  A polar bear (Lair:2)
  A troll (D:11)
  Grinder (D:5)
  5 blink frogs (Lair:2)
  3 shadows (Gauntlet)
  A wyvern (D:9)
  Sigmund (D:4)
  11 yaks
  Eustachio (D:4)
  2 steam dragons (D:7)
  6 small abominations (Gauntlet)
  12 water moccasins
  3 large abominations (Gauntlet)
  2 sky beasts (D:7)
  2 orc warriors
  5 black bears
  An ice beast (D:6)
  8 wolves
  3 centaurs
  4 kobold brigands
  2 gnoll sergeants
  5 bullfrogs
  A scorpion (D:7)
  5 wights (D:6)
  4 howler monkeys
  A lava snake (D:8)
  5 hounds
  3 jellies
  6 orc priests
  2 gnoll boudas
  4 orc wizards
  2 iguanas
  28 gnolls
  4 adders
  A shadow imp (D:6)
  2 white imps
  2 ufetubi (D:5)
  4 worms
  A dart slug (D:3)
  21 orcs
  3 endoplasms (D:4)
  2 giant cockroaches
  4 goblins
  6 hobgoblins
  11 jackals
  3 quokkas
  4 ball pythons
  6 bats
  4 frilled lizards
  27 kobolds
  3 rats
269 creatures vanquished.

Vanquished Creatures (others)
  An orc wizard (D:11)
  10 fungi
  14 plants
  14 withered plants (Gauntlet)
39 creatures vanquished.

Grand Total: 308 creatures vanquished

Notes
Turn   | Place    | Note
-------+----------+-------------------------------------------
     0 | D:1      | OTABOTABOTAB the Vine Stalker Fighter began the quest for
                  | the Orb.
     0 | D:1      | Reached XP level 1. HP: 11/11 MP: 2/2
    95 | D:1      | Reached skill level 2 in Short Blades
   137 | D:1      | Reached XP level 2. HP: 16/16 MP: 3/3
   803 | D:2      | Reached XP level 3. HP: 16/19 MP: 4/4
   893 | D:2      | Reached skill level 3 in Fighting
   938 | D:2      | Reached skill level 3 in Shields
  1211 | D:3      | Found a hazy altar of Hepliaklqana.
  1211 | D:3      | Found a glowing silver altar of Zin.
  1214 | D:3      | Found an ornate altar of the Wu Jian Council.
  1224 | D:3      | Found a bloodstained altar of Trog.
  1224 | D:3      | Found a broken altar of Ashenzari.
  1294 | D:3      | Gained mutation: Your natural rate of healing is unusually
                  | fast. [Vine Stalker growth]
  1294 | D:3      | Reached XP level 4. HP: 11/24 MP: 2/5
  1297 | D:3      | HP: 5/24 [orc/+0 club (3)]
  1884 | D:4      | Reached skill level 3 in Short Blades
  1915 | D:4      | Reached XP level 5. HP: 28/28 MP: 6/6
  1933 | D:4      | Reached skill level 3 in Armour
  1969 | D:4      | Noticed Eustachio
  2003 | D:4      | HP: 5/28 [Eustachio/+4 heavy falchion (5)]
  2005 | D:4      | Killed Eustachio
  2006 | D:4      | Reached XP level 6. HP: 9/32 MP: 3/7
  2222 | D:4      | Noticed Sigmund
  2232 | D:4      | Killed Sigmund
  2233 | D:4      | Reached skill level 4 in Short Blades
  2238 | D:4      | Reached skill level 4 in Shields
  2238 | D:4      | Reached XP level 7. HP: 37/37 MP: 8/8
  2256 | D:4      | Found Nuev Arch's Antique Weapon Emporium.
  2338 | D:4      | Reached skill level 4 in Fighting
  2575 | D:4      | Bought a runed dagger for 120 gold pieces
  2973 | D:5      | Entered Level 5 of the Dungeon
  2973 | D:5      | Found Kukofapn's Book Shoppe.
  2998 | D:5      | Found a stormy altar of Qazlal.
  3233 | D:5      | Noticed Grinder
  3275 | D:5      | Killed Grinder
  3276 | D:5      | Reached skill level 5 in Short Blades
  3276 | D:5      | Reached skill level 4 in Armour
  3276 | D:5      | Gained mutation: You have razor-sharp teeth. [Vine Stalker
                  | growth]
  3276 | D:5      | Reached XP level 8. HP: 24/42 MP: 9/9
  3825 | D:6      | Reached skill level 6 in Short Blades
  3843 | D:6      | Reached skill level 5 in Shields
  3876 | D:6      | Found Odedgh's Antique Weapon Shoppe.
  4313 | D:6      | Reached skill level 5 in Fighting
  4361 | D:6      | Found a staircase to the Ecumenical Temple.
  4371 | Temple   | Entered the Ecumenical Temple
  4384 | Temple   | Became a worshipper of Uskayaw the Reveller
  4714 | D:6      | Reached * piety under Uskayaw
  4721 | D:6      | Reached ** piety under Uskayaw
  4726 | D:6      | Reached *** piety under Uskayaw
  4739 | D:6      | Reached **** piety under Uskayaw
  4749 | D:6      | Reached ***** piety under Uskayaw
  4759 | D:6      | Reached ****** piety under Uskayaw
  4760 | D:6      | Reached skill level 1 in Invocations
  4760 | D:6      | Reached XP level 9. HP: 47/47 MP: 10/10
  5201 | D:7      | Reached skill level 7 in Short Blades
  5201 | D:7      | Reached skill level 2 in Invocations
  5232 | D:7      | Reached skill level 5 in Armour
  5801 | D:8      | Noticed Joseph
  5822 | D:8      | Killed Joseph
  5823 | D:8      | HP: 9/48 [yak (7)]
  5841 | D:8      | Reached skill level 6 in Shields
  5841 | D:8      | Reached skill level 3 in Invocations
  5844 | D:8      | Reached skill level 6 in Fighting
  5850 | D:8      | Reached XP level 10. HP: 33/53 MP: 13/13
  5853 | D:8      | Reached skill level 8 in Short Blades
  6844 | D:9      | Reached skill level 4 in Invocations
  7080 | D:10     | Entered Level 10 of the Dungeon
  7101 | D:10     | Found Fiurujat's Assorted Antiques.
  7139 | D:10     | Noticed a two-headed ogre
  7158 | D:10     | Killed a two-headed ogre
  7163 | D:10     | Bought 2 scrolls of identify for 108 gold pieces
  7177 | D:10     | Noticed a two-headed ogre
  7189 | D:10     | Killed a two-headed ogre
  7190 | D:10     | Reached skill level 9 in Short Blades
  7190 | D:10     | Reached skill level 6 in Armour
  7228 | D:10     | Noticed Amaemon
  7228 | D:10     | Noticed an orange demon
  7256 | D:9      | HP: 12/53 [Amaemon/-2 demon whip of venom (2)]
  7257 | D:9      | Killed Amaemon
  7258 | D:9      | Reached skill level 7 in Shields
  7261 | D:9      | HP: 9/53 [poisoned by Amaemon]
  7266 | D:9      | HP: 10/53 [poisoned by Amaemon]
  7337 | D:10     | Killed an orange demon
  7338 | D:10     | Reached skill level 5 in Invocations
  7338 | D:10     | Reached XP level 11. HP: 57/58 MP: 12/15
  7541 | D:10     | Noticed Harold
  7575 | D:10     | Killed Harold
  7576 | D:10     | Reached skill level 7 in Fighting
  7658 | D:10     | Found a shimmering blue altar of Sif Muna.
  7988 | D:11     | Noticed a manticore
  8000 | D:11     | Killed a manticore
  8370 | D:11     | Found a staircase to the Lair.
  8713 | Lair:1   | Entered Level 1 of the Lair of Beasts
  8862 | Lair:1   | Reached skill level 10 in Short Blades
  9000 | Lair:1   | Noticed a boulder beetle
  9093 | Lair:1   | Killed a boulder beetle
  9094 | Lair:1   | Reached skill level 6 in Invocations
  9204 | Lair:1   | Noticed a boulder beetle
  9213 | Lair:1   | Reached skill level 7 in Armour
  9222 | Lair:1   | Killed a boulder beetle
  9236 | Lair:1   | Found a gate leading to a gauntlet.
  9245 | Gauntlet | Entered a Gauntlet
  9245 | Gauntlet | Found a transporter.
  9245 | Gauntlet | Found a transporter.
  9246 | Gauntlet | Noticed a large abomination
  9254 | Gauntlet | Noticed a necromancer
  9283 | Gauntlet | Found a transporter.
  9285 | Gauntlet | Found a large runed translucent door.
  9286 | Gauntlet | Found a large runed translucent door.
  9287 | Gauntlet | Found a large runed translucent door.
  9287 | Gauntlet | Found a large runed translucent door.
  9287 | Gauntlet | Found a runed translucent door.
  9287 | Gauntlet | Found a runed translucent door.
  9288 | Gauntlet | Found a large runed translucent door.
  9289 | Gauntlet | Found a large runed translucent door.
  9290 | Gauntlet | Found a large runed translucent door.
  9290 | Gauntlet | Found a large runed translucent door.
  9291 | Gauntlet | Found a runed translucent gate.
  9291 | Gauntlet | Found a runed translucent gate.
  9291 | Gauntlet | Found a runed translucent gate.
  9293 | Gauntlet | Found a transporter.
  9303 | Gauntlet | Found a large runed translucent door.
  9303 | Gauntlet | Found a large runed translucent door.
  9304 | Gauntlet | Found a large runed translucent door.
  9305 | Gauntlet | Found a large runed translucent door.
  9309 | Gauntlet | Found a transporter.
  9316 | Gauntlet | Noticed a fire crab
  9319 | Gauntlet | Found a transporter.
  9334 | Gauntlet | Found a transporter.
  9340 | Gauntlet | Found a transporter.
  9344 | Gauntlet | Noticed a sixfirhy
  9354 | Gauntlet | Found a transporter.
  9359 | Gauntlet | Found a transporter.
  9363 | Gauntlet | Found a transporter.
  9376 | Gauntlet | Found a large runed translucent door.
  9377 | Gauntlet | Found a large runed translucent door.
  9378 | Gauntlet | Found a large runed translucent door.
  9378 | Gauntlet | Found a large runed translucent door.
  9390 | Gauntlet | Found a transporter.
  9567 | Gauntlet | Reached skill level 8 in Shields
  9567 | Gauntlet | Reached XP level 12. HP: 64/64 MP: 17/17
  9676 | Gauntlet | Identified the +2 pair of gloves of Fun and Games {Harm
                  | Str+3}
  9701 | Gauntlet | Noticed a minotaur
  9714 | Gauntlet | Killed a minotaur
  9715 | Gauntlet | Reached skill level 8 in Fighting
  9760 | Gauntlet | Identified the +3 robe "Olymic" {MP+9}
 10132 | Lair:2   | Noticed a minotaur
 10151 | Lair:2   | Reached skill level 11 in Short Blades
 10252 | Lair:2   | Noticed themarg's ghost (journeyman BaSu)
 10279 | Lair:2   | Reached skill level 7 in Invocations
 10291 | Lair:2   | Noticed a death yak
 10317 | Lair:2   | HP: 16/65 [bullfrog (2)]
 10341 | Lair:2   | HP: 10/65 [elephant (7)]
 10342 | Lair:2   | HP: 1/65 [death yak (10)]
 10344 | Lair:2   | Mangled by a death yak

Illustrated notes

Levels and vault maps discovered:
D:1:      elethiomel_arrival_quiet, layout_basic, dreamdust_princess_bridge
D:2:      layout_basic, minmay_close_crescents
D:3:      layout_rooms, grunt_temple_overflow_open
D:4:      layout_basic, serial_shops, nicolae_shop_waterfront,
          kennysheep_small_circle, uniq_eustachio, uniq_sigmund
D:5:      layout_loops_cross, old_standard_altar, serial_shops, shop_fountains,
          kennysheep_generic_room_6, uniq_grinder
D:6:      layout_basic, minmay_temple_entry_mini_moons, serial_shops,
          nicolae_take_the_stairs
D:7:      layout_cave_pools
D:8:      layout_basic, kennysheep_generic_room_16, uniq_joseph
D:9:      layout_loops_cross
D:10:     layout_loops_cross, mainiacjoe_overflow_chevrons, serial_shops,
          nicolae_shop_overgrown_old_shop, uniq_harold, uniq_amaemon
D:11:     layout_loops_ring, grunt_lair_entry_orc_guard_hut,
          chequers_serial_rivers_micro_c, minmay_holes
Temple:   eino_wide_crystal_templ
Lair:1:   layout_chaotic_city, gauntlet_entry_generic
Lair:2:   layout_regular_city, nicolae_shoals_entry_roost,
          minmay_snake_entry_six_corridors, basic_altar,
          maelrawn_ghost_gauntlet_escape, st_stairs_13,
          grunt_forest_large_clearings, serial_bayou_shore_b

Skill      XL: |  1  2  3  4  5  6  7  8  9 10 11 12 |
---------------+-------------------------------------+-----
Short Blades   | 2 3 4 5 6 7 9 10 11 | 11.4
Fighting       | 3 4 5 6 7 8 |  8.4
Shields        | 3 4 5 6 7 8 |  8.6
Armour         | 3 4 5 6 7 |  7.6
Invocations    | 1 3 5 6 7 |  7.2

Action                   |  1- 3 |  4- 6 |  7- 9 | 10-12 || total
-------------------------+-------+-------+-------+-------++-------
Melee: Rapier            |   116 |   108 |   403 |   806 ||  1433
       Bite              |    24 |    32 |   165 |   307 ||   528
Throw: Stone             |     9 |       |       |       ||     9
Invok: Line Pass         |       |       |     1 |       ||     1
       Grand Finale      |       |       |       |     3 ||     3
       Stomp             |       |       |       |     1 ||     1
  Use: Scroll            |       |     9 |     9 |    10 ||    28
       Potion            |       |       |       |     6 ||     6
 Stab: Paralysed         |       |       |    11 |    44 ||    55
Armor: Scale mail        |    62 |    50 |   158 |       ||   270
       Plate armour      |       |       |    37 |   470 ||   507
Dodge: Dodged            |    55 |    43 |   229 |   359 ||   686
Block: Buckler           |    34 |    21 |    99 |   250 ||   404

Table legend: (Time is in decaauts)
 A = Elapsed time spent in this place.
 B = Non-inter-level travel time spent in this place.
 C = Inter-level travel time spent in this place.
 D = Time resting spent in this place.
 E = Time spent auto-exploring this place.
 F = Levels seen in this place.
 G = Mean time per level.
                   A        B        C        D        E       F      G
               +--------+--------+--------+--------+--------+-----+--------+
         Total |  10099 |   9383 |    716 |    384 |   6710 |  15 |  673.3 |
       Dungeon |   8594 |   7897 |    697 |    384 |   5866 |  11 |  781.3 |
        Temple |     22 |     13 |      9 |      0 |      8 |   1 |   22.0 |
          Lair |   1016 |   1007 |      9 |      0 |    646 |   2 |  508.0 |
      Gauntlet |    465 |    465 |      0 |      0 |    190 |   1 |  465.0 |
               +--------+--------+--------+--------+--------+-----+--------+

Top non-repeatable levels by time:
     D:4: 1190 daAuts
     D:6: 863 daAuts
  Lair:1: 846 daAuts
     D:7: 838 daAuts
     D:5: 805 daAuts
     D:9: 773 daAuts
    D:11: 764 daAuts
    D:10: 738 daAuts
     D:1: 698 daAuts
     D:3: 686 daAuts
     D:2: 634 daAuts
     D:8: 601 daAuts
Gauntlet: 465 daAuts
  Lair:2: 169 daAuts
  Temple: 22 daAuts

Table legend:
 A = Kills in this place as a percentage of kills in entire the game.
 B = Kills by you in this place as a percentage of kills by you in the entire game.
 C = Kills by friends in this place as a percentage of kills by friends in the entire game.
 D = Other kills in this place as a percentage of other kills in the entire game.
 E = Experience gained in this place as a percentage of experience gained in the entire game.
 F = Experience gained in this place divided by the number of levels of this place that you have seen.
                   A       B       C       D       E      F
               +-------+-------+-------+-------+-------+----------------------
         Total | 100.0 | 100.0 |   N/A |   N/A | 100.0 | 1820.5
       Dungeon |  78.8 |  78.8 |   N/A |   N/A |  46.9 | 1163.5
          Lair |  16.4 |  16.4 |   N/A |   N/A |  40.2 | 5492.0
      Gauntlet |   4.8 |   4.8 |   N/A |   N/A |  12.9 | 3525.0
               +-------+-------+-------+-------+-------+----------------------
